 Dungeon Crawl Stone Soup version 0.32-a0-711-g016ad743e0 (webtiles) character file.

Game seed: 17352026685265018380

26535 adelrune the Fighter (level 12, -5/107 HPs)
             Began as a Demonspawn Gladiator on Mar 15, 2024.
             Was a High Priest of Trog.
             Slain by a reaper
             ... wielding a -4 scythe of freezing
              (6 damage)
             ... in an ice cave.
             The game lasted 00:43:25 (11014 turns).

adelrune the Fighter (Demonspawn Gladiator)        Turns: 11014, Time: 00:43:25

Health: -5/107     AC: 19    Str: 25    XL:     12   Next: 99%
Magic:  12/12      EV: 15    Int:  9    God:    Trog [*****.]
Gold:   275        SH:  0    Dex: 15    Spells: 11/11 levels left

rFire   + . .        b - +8 storm bow {elec, penet}
rCold   . . .        (shield currently unavailable)
rNeg    . . .        Y - +4 scale mail of Yesterday {Harm rF+ Will+}
rPois   .            c - +2 helmet
rElec   .            N - +2 cloak
rCorr   .            g - +0 pair of gloves
SInv    .            (boots unavailable)
Will    +....        D - amulet of regeneration Stlth
                     S - +6 ring of strength
HPRegen 1.17/turn    U - ring of flight
MPRegen 0.13/turn

%: harm (+30% outgoing, +20% incoming), repel missiles
@: flying, studying Fighting
A: hooves 3, repulsion field 3
a: Renounce Religion, Berserk, Trog's Hand, Brothers in Arms


You were in an ice cave.
You worshipped Trog.
Trog was extremely pleased with you.
You visited 2 branches of the dungeon, and saw 12 of its levels.
You also visited: Sewer, Bailey and Ice Cave.

You collected 811 gold pieces.
You spent 536 gold pieces at shops.

Inventory:

Hand Weapons
 a - the +7 halberd "Xeiqit" {elec, rPois Will+ Str+5}
   (You took it off a gnoll on level 4 of the Dungeon)

   Str+5:     It affects your strength (+5).
   rPois:     It protects you from poison.
   Will+:     It increases your willpower.
 b - the +8 storm bow (weapon) {elec, penet}
   (You found it in a bailey)
Missiles
 d - 4 throwing nets
Armour
 c - a +2 helmet (worn)
 g - a +0 pair of gloves (worn)
 h - +0 fire dragon scales
 N - a +2 cloak (worn)
 V - the +8 chain mail of the Hidden Vale {Dex+5}
   (You found it on level 8 of the Dungeon)

   Dex+5:     It affects your dexterity (+5).
 Y - the +4 scale mail of Yesterday (worn) {Harm rF+ Will+}
   (You bought it in a shop on level 6 of the Dungeon)

   rF+:       It protects you from fire.
   Will+:     It increases your willpower.
   Harm:      It increases damage dealt and taken.
Jewellery
 o - a +4 ring of slaying
 q - a +6 ring of dexterity
 r - a ring of protection from fire
 u - a +6 ring of strength
 C - an amulet of faith
 D - an amulet of regeneration (around neck)
 S - a +6 ring of strength (left hand)
 U - a ring of flight (right hand)
 W - a +4 ring of protection
Wands
 e - a wand of roots (2)
 B - a wand of acid (7)
 H - a wand of digging (5)
Scrolls
 f - 3 scrolls of fear {unknown}
 i - a scroll of immolation {unknown}
 m - a scroll of brand weapon {unknown}
 s - 3 scrolls of enchant weapon
 t - 3 scrolls of poison
 v - 3 scrolls of amnesia {unknown}
 y - a scroll of torment {unknown}
 E - 3 scrolls of summoning {unknown}
 G - 7 scrolls of teleportation
 I - 2 scrolls of fog {unknown}
 K - 3 scrolls of enchant armour {unknown}
 P - a scroll of revelation {unknown}
 R - 3 scrolls of vulnerability {unknown}
 T - a scroll of acquirement {unknown}
 X - a scroll of identify
Potions
 j - a potion of invisibility {unknown}
 k - a potion of ambrosia {unknown}
 l - 2 potions of might
 n - 2 potions of resistance
 p - 4 potions of heal wounds
 w - a potion of attraction {unknown}
 x - 11 potions of curing
 z - 5 potions of degeneration
 A - 5 potions of haste
 F - 5 potions of enlightenment
 J - a potion of magic
 L - 2 potions of lignification {unknown}
 M - 5 potions of mutation
 O - a potion of berserk rage
 Q - 2 potions of brilliance
Miscellaneous
 Z - a condenser vane


   Skills:
 + Level 14.1 Fighting
 - Level 4.7(9.6) Axes
 * Level 12.8(13.2) Polearms
 + Level 9.1 Ranged Weapons
 - Level 1.7 Throwing
 + Level 6.4 Armour
 - Level 4.1 Dodging


You had 11 spell levels left.
You didn't know any spells.
Your spell library contained the following spells:

 Spells                   Type           Power      Damage    Failure   Level
 Blink                    Tloc           0%         N/A       80%         2
 Lesser Beckoning         Tloc           0%         N/A       80%         2
 Momentum Strike          Conj/Tloc      0%         3d8       80%         2
 Dazzling Flash           Conj/Hex       0%         N/A       95%         3
 Mephitic Cloud           Conj/Alch/Air  0%         N/A       95%         3
 Sigil of Binding         Hex            0%         N/A       95%         3
 Tukima's Dance           Hex            0%         N/A       95%         3
 Dimensional Bullseye     Hex/Tloc       0%         N/A       100%        4
 Iskenderun's Mystic Bla  Conj/Tloc      0%         2d3       100%        4
 Curse of Agony           Necr           0%         N/A       100%        5
 Silence                  Hex/Air        0%         N/A       100%        5
 Death Channel            Necr           0%         N/A       100%        6
 Sculpt Simulacrum        Ice/Alch       0%         N/A       100%        6


Dungeon Overview and Level Annotations

Branches:
Dungeon (11/15)            Temple (0/1) D:6            Lair (1/5) D:11
    Orc (0/2) D:10          Sewer (visited)          Bailey (visited)
  IceCv (1/1)

Altars:
Ashenzari
Dithmenos
Makhleb
Okawaru
Trog
Uskayaw
Xom
Yredelemnul

Shops:
D:4 !   D:6 [

Annotations:
D:3 1 runed translucent door, Crazy Yiuf
D:11 4 transporters, 2 runed translucent doors, jamsaran's ghost, novice DgAl


Innate Abilities, Weirdness & Mutations

You have hooves in place of feet.
You are surrounded by a strong repulsion field. (EV +4, RMsl)


Message History

Lightning courses through the spriggan simulacrum!!
The spriggan simulacrum vaporises!
Trog accepts your kill.
The arrow pierces through the reaper.
The reaper is severely wounded.
The arrow pierces through the dire elephant simulacrum!
The dire elephant simulacrum is moderately damaged.
The anaconda simulacrum bites you but does no damage.
The anaconda simulacrum constricts you. The anaconda simulacrum bites you.
The anaconda simulacrum freezes you!! The anaconda simulacrum constricts you.
An elephant simulacrum comes into view.
Your deep troll goes berserk!
The anaconda simulacrum bites you but does no damage.
The anaconda simulacrum constricts you. The anaconda simulacrum bites you.
The anaconda simulacrum freezes you!
* * * LOW HITPOINT WARNING * * *
The anaconda simulacrum constricts you.
* * * LOW HITPOINT WARNING * * *
Okay, then.
Okay, then.
Fire: b) +8 storm bow {elec, penet}
Press: ? - help, Q - select action, (/) - cycle Shift-Dir - straight line, f/p - reaper
Aim: a reaper, wielding a -4 scythe of freezing (severely wounded, 74% to hit)
You shoot an arrow.
The arrow pierces through the anaconda simulacrum!
The anaconda simulacrum vaporises!
Trog accepts your kill.
The arrow pierces through the reaper.
The reaper is severely wounded.
The reaper hits you from afar with a -4 scythe of freezing.
* * * LOW HITPOINT WARNING * * *
The reaper drags you backwards! The reaper freezes you.
* * * LOW HITPOINT WARNING * * *
Okay, then.
You feel much better.
You are engulfed in freezing vapours.
* * * LOW HITPOINT WARNING * * *
The reaper hits you with a -4 scythe of freezing!
* * * LOW HITPOINT WARNING * * *
The reaper freezes you.
You die...

#..#########
#####.### #
###.####..# #
##≈≈≈≈#....### #
#≈≈≈≈≈≈.##...###
##≈≈≈≈≈#####...##
## #≈≈≈≈≈≈≈#
###...
...#$$###.≈≈≈≈##
###.
...ZZZ2@#.#≈#≈#
##
...$$$°°T######
.$$$$[!)##
#########


You could see a reaper (ally target), an elephant simulacrum, a dire elephant
simulacrum, a troll simulacrum and a friendly deep troll (summoned, berserk).

Vanquished Creatures
  An orc warlord (Bailey)
  Snorg (D:10)
  4 two-headed ogres
  Nergalle (D:10)
  An orc knight (Bailey)
  2 cyclopes (D:10)
  A manticore (D:11)
  An ugly thing (D:11)
  A cane toad (Lair:1)
  Maggie (D:7)
  2 unseen horrors
  Jeremiah (D:7)
  An anaconda simulacrum (IceCv)
  3 trolls
  The ghost of Ikimono the Shooter, an amateur CoHs (D:4)
  2 hornets
  A dire elephant simulacrum (IceCv)
  A vampire (D:9)
  2 wyverns
  A shadow (D:10)
  9 yaks
  2 wraiths
  4 steam dragons
  A death yak simulacrum (IceCv)
  Menkaure (D:7)
  A harpy simulacrum (IceCv)
  2 acid dragons
  2 hydra simulacra (IceCv)
  5 water moccasins
  4 black bears
  9 orc warriors
  3 sky beasts
  2 ice beasts
  5 ogres
  2 crocodiles (Sewer)
  A phantom (D:5)
  A kobold brigand (D:5)
  A gnoll sergeant (D:11)
  A scorpion (D:5)
  6 bullfrogs
  2 two-headed ogre simulacra (IceCv)
  9 killer bees (D:9)
  3 howler monkeys
  A crimson imp (D:5)
  4 jellies
  3 bombardier beetles
  2 orc priests (D:8)
  An iguana (D:6)
  Natasha (D:3)
  A malarious merfolk avatar (Sewer)
  9 orc wizards
  A sickly merfolk siren (Sewer)
  5 sleepcaps
  4 spriggan simulacra (IceCv)
  4 troll simulacra (IceCv)
  A polar bear simulacrum (IceCv)
  15 gnolls
  17 adders
  A naga simulacrum (IceCv)
  A shadow imp (D:6)
  18 white imps
  6 ufetubi
  7 ribbon worms
  6 dart slugs
  41 orcs
  6 endoplasms
  4 giant cockroaches
  16 goblins
  5 hobgoblins
  8 jackals (D:1)
  14 kobolds
  6 quokkas
  11 ball pythons
  3 bats
  10 frilled lizards
  24 rats
361 creatures vanquished.

Notes
Turn   | Place    | Note
-------+----------+-------------------------------------------
     0 | D:1      | adelrune the Demonspawn Gladiator began the quest for the
                  | Orb.
     0 | D:1      | Reached XP level 1. HP: 16/16 MP: 1/1
   158 | D:1      | Gained mutation: You have large cloven feet. [demonic
                  | ancestry]
   158 | D:1      | Reached XP level 2. HP: 21/22 MP: 2/2
   290 | D:1      | Reached skill level 1 in Armour
   613 | D:1      | Gained mutation: You are surrounded by a mild repulsion
                  | field. (EV +2) [demonic ancestry]
   613 | D:1      | Reached XP level 3. HP: 28/28 MP: 3/3
  1181 | D:2      | Gained mutation: You have hoof-like feet. [demonic
                  | ancestry]
  1181 | D:2      | Reached XP level 4. HP: 34/34 MP: 4/4
  1451 | D:3      | Found a faded altar of an unknown god.
  1454 | D:3      | Prayed at the altar of an unknown god.
  1454 | D:3      | Became a worshipper of Trog the Wrathful
  1454 | D:3      | Reached * piety under Trog
  1661 | D:3      | Found a runed translucent door.
  1662 | D:3      | Noticed Crazy Yiuf
  1745 | D:3      | Noticed Natasha
  1752 | D:3      | Killed Natasha
  1975 | D:3      | Gained mutation: You are surrounded by a moderate repulsion
                  | field. (EV +3) [demonic ancestry]
  1975 | D:3      | Reached XP level 5. HP: 40/40 MP: 5/5
  2320 | D:4      | Reached skill level 3 in Fighting
  2343 | D:4      | Found Niusigagg's Distillery.
  2357 | D:4      | Bought a potion of curing for 42 gold pieces
  2357 | D:4      | Bought a potion of heal wounds for 70 gold pieces
  2357 | D:4      | Bought 2 potions of degeneration for 28 gold pieces
  2547 | D:4      | Noticed an ogre
  2552 | D:4      | Killed an ogre
  2553 | D:4      | Reached XP level 6. HP: 47/47 MP: 6/6
  2826 | D:4      | Found a transporter.
  2853 | D:4      | Identified the +7 halberd "Xeiqit" {elec, rPois Will+
                  | Str+5}
  2871 | D:4      | Found a transporter.
  3029 | D:4      | Noticed Ikimono's ghost (amateur CoHs)
  3043 | D:4      | Killed Ikimono's ghost
  3044 | D:4      | Reached XP level 7. HP: 52/52 MP: 7/7
  3117 | D:5      | Entered Level 5 of the Dungeon
  3201 | D:5      | Reached ** piety under Trog
  3360 | D:5      | Found a burning altar of Makhleb.
  3360 | D:5      | Found a shimmering altar of Xom.
  3364 | D:5      | Reached skill level 4 in Fighting
  3455 | D:5      | Found a glowing drain.
  3463 | Sewer    | Entered a sewer
  3649 | Sewer    | Reached skill level 5 in Fighting
  3654 | Sewer    | Reached *** piety under Trog
  3796 | D:5      | Reached XP level 8. HP: 63/63 MP: 8/8
  3838 | D:5      | Reached skill level 5 in Polearms
  4115 | D:5      | Reached skill level 6 in Fighting
  4220 | D:5      | Reached skill level 7 in Fighting
  4298 | D:5      | Reached skill level 8 in Fighting
  4399 | D:5      | Reached XP level 9. HP: 74/74 MP: 9/9
  4413 | D:5      | Identified the +2 leather armour "Liwn" {Harm rElec rC++
                  | rCorr}
  4577 | D:6      | Noticed a two-headed ogre
  4596 | D:6      | Killed a two-headed ogre
  4597 | D:6      | Reached skill level 9 in Fighting
  4842 | D:6      | Reached skill level 10 in Fighting
  4844 | D:6      | Reached **** piety under Trog
  4860 | D:6      | Reached XP level 10. HP: 72/86 MP: 10/10
  4984 | D:6      | Found a staircase to the Ecumenical Temple.
  5030 | D:6      | Identified the +4 dagger of Cocytus {venom, rF+ rN++ Int+2
                  | SInv}
  5051 | D:6      | Found Jogristre's Antique Armour Boutique.
  5067 | D:6      | Bought a glowing cloak for 180 gold pieces
  5330 | D:7      | Reached skill level 11 in Fighting
  5333 | D:7      | Reached skill level 10 in Polearms
  5336 | D:7      | Noticed Jeremiah
  5349 | D:7      | Noticed Menkaure
  5351 | D:7      | Killed Jeremiah
  5352 | D:7      | Killed Menkaure
  5673 | D:7      | Found a shadowy altar of Dithmenos.
  5753 | D:7      | Noticed Maggie
  5761 | D:7      | Killed Maggie
  5947 | D:8      | Found a hide-covered altar of Uskayaw.
  6112 | D:8      | Found a broken altar of Ashenzari.
  6544 | D:8      | Reached skill level 12 in Fighting
  6567 | D:8      | Identified the +8 chain mail of the Hidden Vale {Dex+5}
  7125 | D:9      | Reached ***** piety under Trog
  7167 | D:9      | Found a flagged portal.
  7187 | Bailey   | Entered a bailey
  7194 | Bailey   | Noticed an orc warlord
  7194 | Bailey   | Found the +8 storm bow {elec, penet}
  7228 | Bailey   | Noticed an orc knight
  7242 | Bailey   | Killed an orc knight
  7262 | Bailey   | Found a runed translucent gate.
  7280 | Bailey   | Found a runed translucent gate.
  7281 | Bailey   | Found a runed translucent gate.
  7394 | Bailey   | Gained mutation: You have hooves in place of feet. [demonic
                  | ancestry]
  7394 | Bailey   | Reached XP level 11. HP: 96/96 MP: 11/11
  7547 | Bailey   | Killed an orc warlord
  7644 | Bailey   | Gained mutation: You are surrounded by a strong repulsion
                  | field. (EV +4, RMsl) [demonic ancestry]
  7644 | Bailey   | Reached XP level 12. HP: 103/103 MP: 12/12
  7713 | D:9      | Identified the +7 rapier of Iconoclasm {drain, rN+ Str+2
                  | Int+4}
  7799 | D:9      | Received a gift from Trog
  7877 | D:9      | Found an iron altar of Okawaru.
  7905 | D:9      | Found a basalt altar of Yredelemnul.
  8257 | D:9      | Noticed a two-headed ogre
  8264 | D:9      | Killed a two-headed ogre
  8265 | D:9      | Reached skill level 5 in Armour
  8302 | D:10     | Entered Level 10 of the Dungeon
  8537 | D:10     | Noticed Snorg
  8548 | D:10     | Killed Snorg
  8594 | D:10     | Reached skill level 13 in Fighting
  8611 | D:10     | Noticed a two-headed ogre
  8616 | D:10     | Killed a two-headed ogre
  8624 | D:10     | Found a staircase to the Orcish Mines.
  8705 | D:10     | Identified the +4 falchion of Kismet {freeze, rN+}
  8858 | D:10     | Noticed Nergalle
  8866 | D:10     | Killed Nergalle
  9442 | D:11     | Found a transporter.
  9443 | D:11     | Found a transporter.
  9446 | D:11     | Found a transporter.
  9446 | D:11     | Found a transporter.
  9832 | D:9      | Identified the +1 ring mail "Nuotin" {+Blink Will+ Int-3}
  9935 | D:6      | Bought a transparent scale mail for 216 gold pieces
  9935 | D:6      | Identified the +4 scale mail of Yesterday {Harm rF+ Will+}
                  | (You bought it in a shop on level 6 of the Dungeon)
 10133 | D:11     | Found a staircase to the Lair.
 10166 | D:11     | Noticed a two-headed ogre
 10175 | D:11     | Killed a two-headed ogre
 10238 | D:11     | Received a gift from Trog
 10348 | D:11     | Found a large runed translucent door.
 10348 | D:11     | Found a large runed translucent door.
 10349 | D:11     | Noticed jamsaran's ghost (novice DgAl)
 10593 | Lair:1   | Entered Level 1 of the Lair of Beasts
 10615 | Lair:1   | Found a frozen archway.
 10635 | IceCv    | Entered an ice cave
 10823 | IceCv    | Reached skill level 14 in Fighting
 11008 | IceCv    | Noticed a reaper
 11014 | IceCv    | HP: 1/107 [reaper/-4 scythe of freezing (15)]
 11014 | IceCv    | Slain by a reaper

Illustrated notes

Levels and vault maps discovered:
D:1:      lightli_arrival_flooded_house, layout_loops_ring,
          grunt_decor_mini_mirrors, minmay_pentomino_o4
D:2:      minmay_angry_zag, layout_rooms
D:3:      minmay_bubble_buster, layout_basic, basic_ecumenical_altar,
          serial_bayou_crossing, uniq_natasha, uniq_crazy_yiuf_cottage
D:4:      wander_river, layout_loops_cross, serial_shops, nicolae_diamond_shop,
          gammafunk_ghost_gnarly_gnolls
D:5:      kennysheep_windowed_halls, layout_loops_cross,
          grunt_temple_overflow_champion_of_chaos, lightli_sewer_entry_pipes
D:6:      layout_basic, minmay_temple_entry_glassed_door, serial_shops,
          nicolae_shop_dealshenge
D:7:      layout_rooms, mainiacjoe_overflow_chevrons,
          hangedman_decor_clover_reticule, minmay_misc_feat_secret_circle,
          uniq_menkaure, uniq_maggie, uniq_jeremiah
D:8:      layout_layer_cave, lemuel_tele_altar,
          mainiacjoe_overflow_concentric_impassable, grunt_ministairs_3
D:9:      layout_basic, mainiacjoe_overflow_big_doors, zin_scriptorium,
          enter_bailey_4, minivault_21
D:10:     layout_layer_cave, orc_0_dummy, nicolae_wwwww, uniq_nergalle,
          uniq_snorg
D:11:     layout_gridville, due_lair_maze_entry_diamond,
          ebering_ghost_disaster_area, nicolae_diode_quadrants
Lair:1:   layout_misc_corridors, portal_ice_cave_entry_imps
IceCv:    ice_cave_caverns_02

Skill      XL: |  1  2  3  4  5  6  7  8  9 10 11 12 |
---------------+-------------------------------------+-----
Axes           | 3 4 |  4.7
Armour         | 1 2 3 4 6 |  6.4
Fighting       | 3 5 8 10 12 14 | 14.1
Polearms       | 3 4 7 9 11 12 | 12.8
Dodging        | 3 4 |  4.1
Ranged Weapons | 8 9 |  9.1
Throwing       | |  1.7

Action                     |  1- 3 |  4- 6 |  7- 9 | 10-12 || total
---------------------------+-------+-------+-------+-------++-------
  Melee: War axe           |   110 |    58 |       |     1 ||   169
         Kick              |    22 |    16 |    11 |    18 ||    67
         Halberd           |       |     6 |   226 |   218 ||   450
   Fire: Sling             |       |    23 |       |       ||    23
         Longbow           |       |       |       |   163 ||   163
  Throw: Throwing net      |       |       |     1 |       ||     1
 Invoke: Berserk           |       |     3 |       |       ||     3
         Brothers in Arms  |       |       |       |     1 ||     1
  Evoke: Wand              |       |       |       |     3 ||     3
    Use: Scroll            |       |       |       |    10 ||    10
         Potion            |       |       |       |     2 ||     2
 Armour: Leather armour    |    27 |       |       |       ||    27
         Skin              |     1 |       |       |       ||     1
         Ring mail         |    19 |    32 |       |       ||    51
         Plate armour      |       |       |   125 |    52 ||   177
         Chain mail        |       |       |       |   109 ||   109
         Scale mail        |       |       |       |    48 ||    48
  Dodge: Dodged            |    85 |    50 |    81 |   187 ||   403
         Repelled          |       |       |       |     5 ||     5

Table legend: (Time is in decaauts)
 A = Elapsed time spent in this place.
 B = Non-inter-level travel time spent in this place.
 C = Inter-level travel time spent in this place.
 D = Time resting spent in this place.
 E = Time spent auto-exploring this place.
 F = Levels seen in this place.
 G = Mean time per level.
                   A        B        C        D        E       F      G
               +--------+--------+--------+--------+--------+-----+--------+
         Total |  11284 |  10592 |    692 |    542 |   7012 |  15 |  752.3 |
       Dungeon |  10017 |   9325 |    692 |    403 |   6761 |  11 |  910.6 |
          Lair |     46 |     46 |      0 |      0 |      5 |   1 |   46.0 |
         Sewer |    351 |    351 |      0 |      0 |    177 |   1 |  351.0 |
        Bailey |    480 |    480 |      0 |     39 |     69 |   1 |  480.0 |
      Ice Cave |    388 |    388 |      0 |    100 |      0 |   1 |  388.0 |
               +--------+--------+--------+--------+--------+-----+--------+

Top non-repeatable levels by time:
     D:5: 1199 daAuts
     D:8: 1133 daAuts
    D:10: 1116 daAuts
     D:9: 1034 daAuts
     D:3: 962 daAuts
     D:4: 890 daAuts
     D:1: 870 daAuts
    D:11: 865 daAuts
     D:6: 835 daAuts
     D:7: 600 daAuts
     D:2: 508 daAuts
  Bailey: 480 daAuts
   IceCv: 388 daAuts
   Sewer: 351 daAuts
  Lair:1: 46 daAuts
